 Dungeon Crawl Stone Soup version 0.21-a0-405-gf2af9a1 (webtiles) character file.

875 drevant the Poker (level 7, -5/56 HPs)
             Began as a Demonspawn Abyssal Knight on Nov 1, 2017.
             Was a Believer of Lugonu.
             Slain by an orc warrior
             ... wielding a +0 scimitar
              (21 damage)
             ... on level 4 of the Dungeon.
             The game lasted 00:14:30 (7076 turns).

drevant the Poker (Demonspawn Abyssal Knight)       Turns: 7076, Time: 00:14:30

Health: -5/56      AC:  7    Str: 13 (14) XL:     7   Next: 74%
Magic:  8/8        EV:  9    Int: 17 (18) God:    Lugonu [**....]
Gold:   256        SH:  4    Dex: 12 (13) Spells: 6/6 levels left

rFire    . . .     SeeInvis .   a - +1 spear
rCold    . . .     Gourm    .   j - +0 buckler
rNeg     . . .     Faith    .   q - +0 scale mail
rPois    .         Spirit   .   (helmet restricted)
rElec    .         Reflect  .   p - scarf {cloud immunity}
rCorr    .         Harm     .   (no gloves)
MR       .....                  t - +0 pair of boots
Stlth    ..........             (no amulet)
HPRegen  0.18/turn              (no ring)
MPRegen  0.11/turn              (no ring)

@: brilliant
A: antennae 2, powered by death 1
a: Depart the Abyss, Bend Space, Renounce Religion


You were on level 4 of the Dungeon.
You worshipped Lugonu.
Lugonu was pleased with you.
You were not hungry.

You visited 1 branch of the dungeon, and saw 5 of its levels.
You visited the Abyss 1 time.

You collected 256 gold pieces.

Inventory:

Hand Weapons
 a - a +1 spear (weapon)
 e - a +2 great sword of holy wrath
Missiles
 d - 79 stones (quivered)
Armour
 b - a +0 leather armour
 f - a +0 plate armour
 j - a +0 buckler (worn)
 n - a +0 ring mail
 p - a scarf of cloud immunity (worn)
 q - a +0 scale mail (worn)
 t - a +0 pair of boots (worn)
Jewellery
 w - an uncursed amulet of magic regeneration
 y - a +3 ring of strength {unknown}
 z - a +3 ring of dexterity {unknown}
Scrolls
 h - a scroll of teleportation {unknown}
 k - a scroll of enchant weapon {unknown}
 A - a scroll of remove curse {unknown}
Potions
 g - 2 potions of haste
 o - a potion of magic
 u - a potion of flight
Books
 m - a book of Minor Magic

   Spells                             Type                      Level
   a - Magic Dart                     Conjuration                  1
   b - Blink                          Translocation                2
   c - Call Imp                       Summoning                    2
   d - Slow                           Hexes                        2
   e - Conjure Flame                  Conjuration/Fire             3
   f - Mephitic Cloud                 Conjuration/Poison/Air       3
Comestibles
 c - 2 bread rations
 r - 3 fruits
 s - a meat ration


   Skills:
 + Level 5.2 Fighting
 * Level 5.9 Polearms
 - Level 2.1 Armour
 - Level 1.0 Dodging
 + Level 3.4 Shields
 - Level 2.5 Invocations


You had 6 spell levels left.
You didn't know any spells.

Dungeon Overview and Level Annotations

Branches:
Dungeon (5/15)
 Temple: D:4-7

Altars:
Okawaru


Innate Abilities, Weirdness & Mutations

You have a pair of antennae on your head.
You regenerate a little health from kills.


Message History

The orc warrior is heavily wounded.
The orc warrior hits you with a scimitar.
You closely miss the orc warrior.
The orc warrior is heavily wounded.
You hit the orc warrior but do no damage.
The orc warrior is heavily wounded.
The orc warrior hits you with a scimitar.
* * * LOW HITPOINT WARNING * * *
You hit the orc warrior but do no damage.
The orc warrior is heavily wounded.
You feel less wooden.
Your scarf of cloud immunity unmelds from your body.
Your +0 pair of boots unmelds from your body.
Your +0 scale mail unmelds from your body.
You feel immune to the effects of clouds.
You hit the orc warrior but do no damage.
The orc warrior is heavily wounded.
You feel yourself slow down.
The orc warrior hits you with a scimitar!!
You die...

#.# #....# #.##.# #.# ####.#
#.##.# #.# #.# #.##.# #.# #.#
#.##.## #.# #.# #...... #.#
#.# ####.## #.# #.# #.# #.#
#####o# #.# #.#####....@# #.#
#...........# #######.##
#.#.♣.♣.#...#######.........
#..........^............[.##
#.♣.♣.♣.♣.#########.....####
#...._....## ##.#..# #
#.♣.♣.♣.♣..# #.#..# #
##..........#########.#..####
#..#.♣.♣.#...................


You could see an orc warrior.

Vanquished Creatures
  Edmund (D:4)
  2 ogres (D:4)
  A scorpion (D:4)
  A water moccasin skeleton (D:4)
  A crimson imp (D:3)
  2 orc priests (D:5)
  An orc wizard (D:4)
  Natasha (thrice) (D:2)
  4 worker ants
  A worker ant zombie (D:5)
  4 gnolls
  7 adders
  An adder skeleton (D:4)
  4 worms
  2 dart slugs (D:1)
  5 leopard geckos
  5 orcs
  A ball python (D:1)
  4 bats
  5 giant cockroaches
  6 goblins
  9 hobgoblins
  3 kobolds
  4 quokkas
  7 frilled lizards
  A jackal zombie (D:5)
  11 rats
96 creatures vanquished.

Notes
Turn   | Place    | Note
-------+----------+-------------------------------------------
     0 | Abyss:1  | drevant the Demonspawn Abyssal Knight began the quest for the Orb.
     0 | Abyss:1  | Reached XP level 1. HP: 18/18 MP: 2/2
    20 | Abyss:2  | Found a corrupted altar of Lugonu.
    37 | Abyss:2  | Noticed a large abomination
    38 | Abyss:2  | Found a basalt altar of Yredelemnul.
    57 | Abyss:2  | Noticed a sixfirhy
    58 | D:1      | Escaped the Abyss
   112 | D:1      | Reached skill level 1 in Dodging
   181 | D:1      | Gained mutation: You have a pair of small antennae on your head. [demonic ancestry]
   181 | D:1      | Reached XP level 2. HP: 23/24 MP: 3/3
   210 | D:1      | Reached * piety under Lugonu
   463 | D:1      | Reached XP level 3. HP: 24/29 MP: 4/4
  1090 | D:2      | Noticed Natasha
  1100 | D:2      | Killed Natasha
  1376 | D:2      | Reached XP level 4. HP: 35/35 MP: 5/5
  1508 | D:2      | Noticed Natasha
  1518 | D:2      | Killed Natasha
  1518 | D:2      | Reached skill level 1 in Shields
  2171 | D:2      | Noticed Natasha
  2184 | D:2      | Killed Natasha
  2852 | D:3      | Reached XP level 5. HP: 38/42 MP: 6/6
  2860 | D:3      | Found a faded altar of an unknown god.
  4104 | D:3      | Reached ** piety under Lugonu
  4295 | D:3      | Gained mutation: You regenerate a little health from kills. [demonic ancestry]
  4295 | D:3      | Reached XP level 6. HP: 42/48 MP: 7/7
  5258 | D:4      | Noticed Edmund
  5310 | D:4      | Killed Edmund
  5310 | D:4      | Reached skill level 5 in Polearms
  5310 | D:4      | Gained mutation: You have a pair of antennae on your head. [demonic ancestry]
  5310 | D:4      | Reached XP level 7. HP: 30/55 MP: 8/8
  5657 | D:4      | Found an iron altar of Okawaru.
  5721 | D:4      | Reached skill level 5 in Fighting
  6077 | D:5      | Entered Level 5 of the Dungeon
  7076 | D:4      | Slain by an orc warrior

Vault maps used:
D:1:      mrwooster_arrival_statue_2
D:2:      uniq_natasha
D:3:      chequers_ecumenical_altar_simple, first_bread
D:4:      okawaru_trees_1, uniq_edmund
D:5:      uniq_crazy_yiuf_cottage

Skill      XL: |  1  2  3  4  5  6  7 |
---------------+----------------------+-----
Dodging        | 1 |  1.0
Polearms       | 2 3 4 5 |  5.9
Armour         | 2 |  2.1
Shields        | 1 2 3 |  3.4
Fighting       | 4 5 |  5.2
Invocations    | |  2.5

Action                   |  1- 3 |  4- 6 |  7- 9 || total
-------------------------+-------+-------+-------++-------
Melee: Spear             |   126 |   341 |   227 ||   694
Throw: Stone             |     6 |       |       ||     6
Invok: Depart the Abyss  |     1 |       |       ||     1
  Use: Scroll            |       |     5 |       ||     5
       Potion            |       |     4 |    10 ||    14
  Eat: Chunk             |     2 |    12 |     4 ||    18
       Royal jelly       |       |       |     1 ||     1
Armor: Leather armour    |    20 |       |       ||    20
       Ring mail         |     4 |     1 |       ||     5
       Scale mail        |       |    74 |    32 ||   106
       Skin              |       |     2 |    14 ||    16
Dodge: Dodged            |    41 |    85 |    41 ||   167
Block: Buckler           |     7 |    25 |    34 ||    66

Table legend:
 A = Spawn XP
 B = Non-spawn XP
 C = Spawn XP percentage of total XP
 D = Spawn monster count
 E = Non-spawn monster count
 F = Spawn count percentage of total count
 G = Total turns spent on level
                    A         B        C        D         E        F      G
               +---------+---------+-------+---------+---------+-------+---------
         Total |       0 |    1251 |   0.0 |       0 |      96 |   0.0 |  7076
               +---------+---------+-------+---------+---------+-------+---------
           D:1 |       0 |      51 |   0.0 |       0 |      28 |   0.0 |   960
           D:2 |       0 |     140 |   0.0 |       0 |      14 |   0.0 |  1916
           D:3 |       0 |     172 |   0.0 |       0 |      22 |   0.0 |  1673
           D:4 |       0 |     726 |   0.0 |       0 |      21 |   0.0 |  1629
           D:5 |       0 |     162 |   0.0 |       0 |      11 |   0.0 |   840
               +---------+---------+-------+---------+---------+-------+---------
